 Dungeon Crawl Stone Soup version 0.21-a0-283-g622b906 (webtiles) character file.

89 nono the Covered (level 4, -3/35 HPs)
             Began as a Gnoll Skald on Sept 24, 2017.
             Was a Follower of Qazlal.
             Killed by nerve-wracking pain
             ... invoked by an orc priest
              (14 damage)
             ... on level 3 of the Dungeon.
             The game lasted 00:07:48 (1827 turns).

nono the Covered (Gnoll Skald)                      Turns: 1827, Time: 00:07:48

Health: -3/35      AC:  9    Str:  7    XL:     4   Next: 55%
Magic:  8/8        EV: 10    Int:  7    God:    Qazlal [*.....]
Gold:   55         SH:  1    Dex:  7    Spells: 8/9 levels left

rFire    + . .     SeeInvis .   a - +0 falchion
rCold    . . .     Gourm    .   (no shield)
rNeg     . . .     Faith    .   i - +0 ring mail
rPois    .         Spirit   .   (no helmet)
rElec    .         Reflect  .   (no cloak)
rCorr    .         Harm     .   (no gloves)
MR       .....                  k - +2 pair of boots
Stlth    ..........             (no amulet)
HPRegen  0.11/turn              p - ring of protection from fire
MPRegen  0.11/turn              (no ring)

@: lethally poisoned (-3 -> -25)
A: unchanging attributes, fangs 1, strong nose
a: Renounce Religion


You were on level 3 of the Dungeon.
You worshipped Qazlal.
Qazlal was aware of your devotion.
You were not hungry.

You visited 1 branch of the dungeon, and saw 3 of its levels.

You collected 55 gold pieces.

Inventory:

Hand Weapons
 a - a +0 falchion (weapon)
Missiles
 h - 70 stones (quivered)
Armour
 b - a +0 leather armour
 i - a +0 ring mail (worn)
 k - a +2 pair of boots (worn)
Jewellery
 p - a ring of protection from fire (left hand)
Wands
 r - a wand of confusion (19/48)
Scrolls
 f - 2 scrolls of fog {unknown}
 g - 4 scrolls of teleportation {unknown}
 l - 4 scrolls of enchant weapon {unknown}
 q - a scroll of random uselessness {unknown}
Potions
 o - 2 potions of lignification {unknown}
Books
 c - a book of Battle

   Spells                             Type                      Level
   a - Infusion                       Charms                       1
   b - Shroud of Golubria             Charms/Translocation         2
   c - Song of Slaying                Charms                       2
   d - Spectral Weapon                Hexes/Charms                 3
   e - Regeneration                   Charms/Necromancy            3
Comestibles
 d - 3 bread rations
 m - 4 fruits
 n - a meat ration


   Skills:
 - Level 3.2 Fighting
 - Level 3.1 Long Blades
 + Level 5.0 Armour
 - Level 2.6 Dodging
 - Level 3.0 Spellcasting
 - Level 4.0 Charms


You had 8 spell levels left.
You knew the following spells:

 Your Spells              Type           Power        Failure   Level  Hunger
a - Infusion              Chrm           #...         21%         1    ##.....


Dungeon Overview and Level Annotations

Branches:
Dungeon (3/15)

Altars:
Qazlal
Sif Muna
The Shining One


Innate Abilities, Weirdness & Mutations

Your physical attributes are unchanging.
You have very sharp teeth.
Your uncanny sense of smell can sniff out nearby items.


Message History

Aim: an orc priest, wielding a short sword of venom and wearing a ring mail (severely wounded, chance to defeat MR: 46%)
The orc priest resists with some effort.
Evoking this partially-identified wand wasted a few charges.
You feel sick.
The orc priest hits you but does no damage.
You completely miss the orc priest.
The orc priest is severely wounded.
You feel sick.
The orc priest invokes the aid of Beogh against you.
You barely resist. You barely miss the orc priest.
The orc priest is severely wounded.
You feel very sick.
The orc priest mumbles some strange prayers to Beogh against you.
Beogh smites you!
Unknown command.
You feel sick.
The orc priest invokes the aid of Beogh against you.
Pain shoots through your body!
You die...

#.# #.# # ##.## o#
#.#.# .# ##..# #o# ##.#
###o.# ##.># ##.#.#
##...###########§)).###
................@§o...+
##...###########....###
##..# #.......# # #..#
#.###.#.# # #.## #.
.#.# # #.# #. .# # #
#.# #. .# # #.# #. #
#.#


You could see an orc priest.

Vanquished Creatures
  An adder (D:2)
  An ooze (D:3)
  A worm (D:2)
  2 dart slugs (D:1)
  A leopard gecko (D:1)
  7 orcs (D:3)
  7 bats
  2 giant cockroaches (D:1)
  2 goblins (D:2)
  10 hobgoblins
  3 jackals (D:2)
  11 kobolds
  A quokka (D:2)
  4 frilled lizards
  6 rats
59 creatures vanquished.

Notes
Turn   | Place    | Note
-------+----------+-------------------------------------------
     0 | D:1      | nono the Gnoll Skald began the quest for the Orb.
     0 | D:1      | Reached XP level 1. HP: 17/17 MP: 4/4
    43 | D:1      | Reached XP level 2. HP: 15/24 MP: 1/6
   112 | D:1      | Reached skill level 2 in Armour
   448 | D:1      | Reached XP level 3. HP: 29/29 MP: 7/7
   465 | D:1      | Reached skill level 3 in Armour
   867 | D:2      | Found a deep blue altar of Sif Muna.
   978 | D:2      | Found a stormy altar of Qazlal.
   988 | D:2      | Became a worshipper of Qazlal Stormbringer
  1083 | D:2      | Reached skill level 4 in Armour
  1373 | D:2      | Reached XP level 4. HP: 35/35 MP: 8/8
  1626 | D:3      | Reached * piety under Qazlal
  1659 | D:3      | Found a glowing golden altar of the Shining One.
  1803 | D:3      | Reached skill level 5 in Armour
  1827 | D:3      | Killed from afar by an orc priest

Vault maps used:
D:1:      lightli_arrival_boilingwater, minmay_tetromino_t4
D:2:      lemuel_blue_sif_altar, grunt_qazlal_sundering
D:3:      tso_metal_star

Skill      XL: |  1  2  3  4 |
---------------+-------------+-----
Fighting       | 3 |  3.2
Long Blades    | 3 |  3.1
Armour         | 2 4 5 |  5.0
Dodging        | |  2.6
Spellcasting   | |  3.0
Charms         | |  4.0

Action                   |  1- 3 |  4- 6 || total
-------------------------+-------+-------++-------
Melee: Falchion          |   152 |   106 ||   258
       Bite              |     4 |     7 ||    11
 Cast: Infusion          |     7 |     3 ||    10
Evoke: Wand              |       |     1 ||     1
  Use: Potion            |       |     4 ||     4
  Eat: Chunk             |     2 |     2 ||     4
Armor: Leather armour    |    33 |       ||    33
       Ring mail         |    36 |    42 ||    78
Dodge: Dodged            |   103 |    57 ||   160
Block: Other             |       |     1 ||     1
       Rpst.: Falchion   |    31 |    25 ||    56

Table legend:
 A = Spawn XP
 B = Non-spawn XP
 C = Spawn XP percentage of total XP
 D = Spawn monster count
 E = Non-spawn monster count
 F = Spawn count percentage of total count
 G = Total turns spent on level
                    A         B        C        D         E        F      G
               +---------+---------+-------+---------+---------+-------+---------
         Total |       0 |     128 |   0.0 |       0 |      59 |   0.0 |  1827
               +---------+---------+-------+---------+---------+-------+---------
           D:1 |       0 |      42 |   0.0 |       0 |      23 |   0.0 |   838
           D:2 |       0 |      52 |   0.0 |       0 |      24 |   0.0 |   716
           D:3 |       0 |      34 |   0.0 |       0 |      12 |   0.0 |   273
               +---------+---------+-------+---------+---------+-------+---------
